 Dungeon Crawl Stone Soup version 0.29.1-1-gd02db6906a (webtiles) character file.

Game seed: 17856715552332687145

171 warriortoast the Conjurer (level 5, -6/28 HPs)
             Began as a Deep Elf Conjurer on Oct 5, 2022.
             Mangled by a wight
             ... wielding a +5 short sword of freezing
              (8 damage)
             ... on level 4 of the Dungeon.
             The game lasted 00:04:36 (2864 turns).

warriortoast the Conjurer (Deep Elf Conjurer)       Turns: 2864, Time: 00:04:37

Health: -6/28      AC:  3    Str:  4    XL:     5   Next: 26%
Magic:  0/15       EV: 12    Int: 25    God:
Gold:   90         SH:  0    Dex: 13    Spells: 7/15 levels left

rFire   . . .      SeeInvis .   h - +1 dagger (holy)
rCold   . . .      Faith    .   (no shield)
rNeg    . . .      Spirit   .   a - +0 robe
rPois   .          Reflect  .   (no helmet)
rElec   .          Harm     .   f - +0 cloak
rCorr   .          Rampage  .   (no gloves)
Will    .....                   (no boots)
Stlth   ++........              m - amulet of regeneration
HPRegen 0.89/turn               p - +4 ring of slaying
MPRegen 0.14/turn               x - ring of wizardry

@: no status effects
A: no striking features
a: no special abilities


You were on level 4 of the Dungeon.
You visited 1 branch of the dungeon, and saw 4 of its levels.

You collected 164 gold pieces.
You spent 74 gold pieces at shops.

Inventory:

Hand Weapons
 h - a +1 dagger of holy wrath (weapon)
Armour
 a - a +0 robe (worn)
 f - a +0 cloak (worn)
Jewellery
 m - an amulet of regeneration (around neck)
 p - a +4 ring of slaying (left hand)
 x - a ring of wizardry (right hand)
Wands
 o - a wand of mindburst (13)
Scrolls
 d - a scroll of blinking {unknown}
 e - 2 scrolls of enchant armour {unknown}
 g - 3 scrolls of enchant weapon {unknown}
 i - 5 scrolls of identify {unknown}
 k - a scroll of immolation {unknown}
 n - 2 scrolls of amnesia {unknown}
 q - 4 scrolls of fear {unknown}
 r - a scroll of teleportation {unknown}
 v - a scroll of magic mapping {unknown}
 y - a scroll of poison {unknown}
Potions
 b - 2 potions of magic
 c - a potion of might {unknown}
 j - a potion of cancellation {unknown}
 l - a potion of curing {unknown}
 s - 2 potions of degeneration {unknown}
 t - a potion of invisibility {unknown}
 u - 2 potions of attraction {unknown}
 w - a potion of heal wounds {unknown}
 z - a potion of experience {unknown}


   Skills:
 - Level 2.4 Dodging
 - Level 2.4 Stealth
 + Level 5.6 Spellcasting
 + Level 6.0 Conjurations
 + Level 0.0 Hexes


You had 7 spell levels left.
You knew the following spells:

 Your Spells              Type           Power      Damage    Failure   Level
a - Magic Dart            Conj           100%       1d8       1%          1
b - Dazzling Flash        Conj/Hex       44%        N/A       2%          3
c - Fulminant Prism       Conj/Hex       11%        3d9       9%          4

Your spell library contained the following spells:

 Spells                   Type           Power      Damage    Failure   Level
 Searing Ray              Conj           74%        2d7       1%          2
 Iskenderun's Mystic Bla  Conj/Tloc      22%        2d6       9%          4


Dungeon Overview and Level Annotations

Branches:
Dungeon (4/15)
 Temple: D:4-7

Altars:
Gozag

Shops:
D:2 *


Message History

You start resting.
A wight is nearby!
The magic dart hits the wight but does no damage.
The magic dart hits the wight.
The wight is moderately damaged.
The magic dart hits the wight but does no damage.
The wight is moderately damaged.
The magic dart hits the wight but does no damage.
The wight is moderately damaged.
The magic dart hits the wight.
The wight is moderately damaged.
The magic dart hits the wight.
The wight is heavily damaged.
The magic dart hits the wight.
The wight is severely damaged.
The wight closely misses you.
The magic dart hits the wight but does no damage.
The wight is severely damaged.
The wight hits you with a +5 short sword of freezing!
The wight freezes you.
The magic dart hits the wight.
The wight is severely damaged.
The wight closely misses you.
The magic dart hits the wight.
The wight is almost destroyed.
The wight hits you with a +5 short sword of freezing!
* * * LOW HITPOINT WARNING * * *
The wight freezes you.
* * * LOW HITPOINT WARNING * * *
You are too injured to fight recklessly!
You are too injured to fight recklessly!
Casting: Magic Dart (safe; 1% risk of failure)
Confirm with . or Enter, or press ? or * to list all spells.
Aiming: Magic Dart (safe; 1% risk of failure)
Press: ? - help, Shift-Dir - straight line, f/p - wight
Aim: a wight, wielding a +5 short sword of freezing and wearing a +0 robe (almost destroyed, 100% to hit)
The magic dart hits the wight but does no damage.
The wight is almost destroyed.
The wight hits you with a +5 short sword of freezing!
You die...

#.# ##.## #.....#
#.###...###..####
#............#
#####.>.####<# ##.##
#.# #.# #)# #.# #.#
######.## #[#
#.......####@####
##.###.....)z....# #.
#...........#
###..###......###.....
#.............# .##..#
.....#.........# .# ..
...............# # .
z..............#
.................


You could see a wight.

Vanquished Creatures
  A wight (D:4)
  An orc priest (D:3)
  A mummy (D:4)
  An adder (D:2)
  A worm (D:3)
  7 orcs
  2 ball pythons
  4 endoplasms
  7 giant cockroaches
  3 goblins
  7 hobgoblins
  2 jackals (D:2)
  3 kobolds
  2 quokkas
  4 bats
  4 frilled lizards
  4 kobold zombies (D:4)
  5 rats
59 creatures vanquished.

Vanquished Creatures (others)
  A plant (D:2)
1 creature vanquished.

Grand Total: 60 creatures vanquished

Notes
Turn   | Place    | Note
-------+----------+-------------------------------------------
     0 | D:1      | warriortoast the Deep Elf Conjurer began the quest for the
                  | Orb.
     0 | D:1      | Reached XP level 1. HP: 10/10 MP: 6/6
   329 | D:1      | Reached XP level 2. HP: 15/15 MP: 4/8
   965 | D:2      | Reached skill level 5 in Conjurations
   965 | D:2      | Reached XP level 3. HP: 19/19 MP: 7/10
  1331 | D:2      | Found Futt's Assorted Antiques.
  1340 | D:2      | Bought a scroll labelled QIC GUWIUPPER for 16 gold pieces
  1340 | D:2      | Bought a scroll labelled GIAPRA UCIDWAH for 16 gold pieces
  1340 | D:2      | Bought 2 fizzy ruby potions for 28 gold pieces
  1340 | D:2      | Bought a smoky golden potion for 14 gold pieces
  1782 | D:3      | Reached XP level 4. HP: 24/24 MP: 6/12
  1919 | D:3      | Found a faded altar of an unknown god.
  2241 | D:3      | Found an opulent altar of Gozag.
  2417 | D:4      | Reached skill level 5 in Spellcasting
  2815 | D:4      | Reached skill level 6 in Conjurations
  2815 | D:4      | Reached XP level 5. HP: 9/28 MP: 6/15
  2847 | D:4      | Learned a level 3 spell: Dazzling Flash
  2852 | D:4      | Learned a level 4 spell: Fulminant Prism
  2863 | D:4      | HP: 1/28 [wight/+5 short sword of freezing (4)]
  2864 | D:4      | Mangled by a wight

Illustrated notes

Levels and vault maps discovered:
D:1:      dpeg_arrival_tiny_i, layout_basic
D:2:      layout_loops_ring, serial_shops, nicolae_shop_overgrown_old_shop,
          hangedman_decor_clover_reticule
D:3:      layout_rooms, mainiacjoe_overflow_paths,
          chequers_ecumenical_altar_twisty
D:4:      layout_loops_ring, minitemple, minmay_mini_ossuary

Skill      XL: |  1  2  3  4 |
---------------+-------------+-----
Spellcasting   | 4 5 |  5.6
Conjurations   | 5 6 |  6.0
Dodging        | |  2.4
Stealth        | |  2.4

Action                   |  1- 3 |  4- 6 || total
-------------------------+-------+-------++-------
 Cast: Magic Dart        |    66 |    71 ||   137
Dodge: Dodged            |     1 |     5 ||     6
